 Dungeon Crawl Stone Soup version 0.30-a0-722-g3e6e8c874d (webtiles) character file.

Game seed: 16351800725686070994

469 Dittersdorf the Trooper (level 7, -2/44 HPs)
             Began as a Gargoyle Fighter on Jan 27, 2023.
             Slain by Edmund
             ... wielding a +4 heavy flail
              (12 damage)
             ... on level 5 of the Dungeon.
             The game lasted 00:05:22 (4041 turns).

Dittersdorf the Trooper (Gargoyle Fighter)          Turns: 4041, Time: 00:05:22

Health: -2/44      AC: 12    Str: 24    XL:     7   Next: 9%
Magic:  7/7        EV: 10    Int:  9    God:
Gold:   190        SH:  5    Dex: 12    Spells: 6/6 levels left

rFire   . . .      SeeInvis .    a - +0 flail
rCold   . . .      Faith    .    c - +0 buckler
rNeg    + . .      Spirit   .    s - +5 robe of the Butterfly {rPois Str+3 Dex+3}
rPois   ∞          Reflect  .    (no helmet)
rElec   +          Harm     .    (no cloak)
rCorr   .          Rampage  .    (no gloves)
Will    .....                    (no boots)
Stlth   +                        (no amulet)
HPRegen 0.27/turn                o - ring of flight
MPRegen 0.10/turn                (no ring)

@: flying
A: sickness immunity, AC +4, negative energy resistance 1, electricity
resistance, torment resistance 1, petrification resistance
a: no special abilities


You were on level 5 of the Dungeon.
You visited 1 branch of the dungeon, and saw 5 of its levels.

You collected 190 gold pieces.

Inventory:

Hand Weapons
 a - a +0 flail (weapon)
Missiles
 b - a throwing net (quivered)
Armour
 c - a +0 buckler (worn)
 r - a +0 plate armour
 s - the +5 robe of the Butterfly (worn) {rPois Str+3 Dex+3}
   (You found it on level 3 of the Dungeon)

   Str:       It affects your strength (+3).
   Dex:       It affects your dexterity (+3).
   rPois:     It protects you from poison.
Jewellery
 o - a ring of flight (left hand)
Scrolls
 e - a scroll of enchant armour {unknown}
 f - 5 scrolls of teleportation {unknown}
 i - a scroll of torment {unknown}
 j - a scroll of poison {unknown}
 l - a scroll of vulnerability {unknown}
 m - 2 scrolls of noise {unknown}
 p - a scroll of identify {unknown}
Potions
 d - a potion of might
 g - 2 potions of lignification {unknown}
 h - a potion of magic {unknown}
 k - 2 potions of heal wounds {unknown}
 n - a potion of attraction {unknown}
 q - a potion of curing
 t - a potion of mutation {unknown}
 u - a potion of flight {unknown}
 v - 2 potions of invisibility {unknown}


   Skills:
 + Level 5.1 Fighting
 + Level 4.0 Maces & Flails
 + Level 5.1 Armour
 + Level 5.1 Shields


You had 6 spell levels left.
You didn't know any spells.
Your spell library contained the following spells:

 Spells                   Type           Power      Damage    Failure   Level
 Beastly Appendage        Tmut           0%         N/A       45%         1
 Wereblood                Tmut           0%         N/A       61%         2
 Spider Form              Tmut/Pois      0%         N/A       83%         3


Dungeon Overview and Level Annotations

Branches:
Dungeon (5/15)
 Temple: D:4-7

Altars:
Ru
Wu Jian
Xom

Shops:
D:1 [

Annotations:
D:5 Edmund


Innate Abilities, Weirdness & Mutations

You are immune to sickness and miasma.
Your stone body is resilient. (AC +4)
You are immune to poison.
You resist negative energy. (rN+)
You are resistant to electric shocks. (rElec)
You are resistant to unholy torment.
You are immune to petrification.


Message History

Edmund is moderately wounded.
You barely miss Edmund.
Edmund is moderately wounded.
Edmund hits you with a +4 heavy flail!
You barely miss Edmund.
Edmund is moderately wounded.
Edmund barely misses you.
You hit Edmund.
Edmund is moderately wounded.
Edmund hits you with a +4 heavy flail.
You hit Edmund but do no damage.
Edmund is moderately wounded.
Edmund barely misses you.
You hit Edmund.
Edmund is moderately wounded.
You sock Edmund!
Edmund is severely wounded.
Edmund hits you with a +4 heavy flail.
You hit Edmund but do no damage.
Edmund is severely wounded.
Edmund hits you but does no damage.
You sock Edmund!
Edmund is almost dead.
Edmund closely misses you.
You hit Edmund but do no damage.
Edmund is almost dead.
Edmund hits you with a +4 heavy flail.
You hit Edmund.
Edmund is almost dead.
Edmund hits you with a +4 heavy flail!
* * * LOW HITPOINT WARNING * * *
You hit Edmund but do no damage.
Edmund is almost dead.
You hit Edmund but do no damage.
Edmund is almost dead.
Edmund hits you but does no damage.
You closely miss Edmund.
Edmund is almost dead.
Edmund hits you with a +4 heavy flail!
You die...

##..# ....[ ...
##.#.########...
............[..
#.............
+.........<...
#.............
#...@@.......#
##+###<......#
#######..


You could see Edmund (resistant).

Vanquished Creatures
  Sigmund (D:4)
  3 orc priests
  An iguana (D:4)
  4 gnolls
  6 adders
  An ufetubus (D:3)
  A dart slug (D:1)
  14 orcs
  5 endoplasms
  2 giant cockroaches (D:2)
  7 goblins
  3 hobgoblins
  9 kobolds
  7 quokkas
  7 ball pythons
  7 bats
  3 frilled lizards
  5 rats
86 creatures vanquished.

Vanquished Creatures (others)
  6 plants (D:2)
6 creatures vanquished.

Grand Total: 92 creatures vanquished

Notes
Turn   | Place    | Note
-------+----------+-------------------------------------------
     0 | D:1      | Dittersdorf the Gargoyle Fighter began the quest for the
                  | Orb.
     0 | D:1      | Reached XP level 1. HP: 14/14 MP: 1/1
   106 | D:1      | Found Kasoba's Armour Emporium.
   126 | D:1      | Reached XP level 2. HP: 19/19 MP: 2/2
  1191 | D:2      | Reached XP level 3. HP: 22/23 MP: 3/3
  2264 | D:3      | Reached XP level 4. HP: 24/29 MP: 4/4
  2489 | D:3      | Identified the +5 sling "Caxt" {speed, rN+ MP+9 Str-5}
  2600 | D:3      | Reached XP level 5. HP: 31/33 MP: 5/5
  2861 | D:3      | Identified the +5 robe of the Butterfly {rPois Str+3 Dex+3}
  3299 | D:4      | Reached XP level 6. HP: 30/39 MP: 6/6
  3379 | D:4      | Found a sacrificial altar of Ru.
  3453 | D:4      | Found a shimmering altar of Xom.
  3631 | D:4      | Noticed Sigmund
  3736 | D:4      | Killed Sigmund
  3737 | D:4      | Reached skill level 5 in Fighting
  3737 | D:4      | Reached skill level 5 in Armour
  3737 | D:4      | Reached skill level 5 in Shields
  3737 | D:4      | Reached XP level 7. HP: 28/44 MP: 7/7
  3936 | D:4      | Found an ornate altar of the Wu Jian Council.
  4020 | D:5      | Entered Level 5 of the Dungeon
  4020 | D:5      | Noticed Edmund
  4041 | D:5      | Slain by Edmund

Illustrated notes

Levels and vault maps discovered:
D:1:      dpeg_arrival_shrine, layout_basic, serial_shops,
          nicolae_shop_behind_doors
D:2:      layout_basic, serial_forest, infiniplex_forest_lined_2,
          infiniplex_forest_straight_2, infiniplex_forest_clump_double,
          infiniplex_forest_clump_medium, infiniplex_forest_lined_ring,
          infiniplex_forest_corner_2, infiniplex_forest_corner_1,
          infiniplex_forest_straight_3, infiniplex_forest_lined_2,
          minmay_split_cup_large
D:3:      layout_rooms, moated_statue
D:4:      layout_cave_pools, nicolae_ru_the_path_less_chosen,
          nicolae_wu_jian_immortal_techniques, kennysheep_little_box,
          uniq_sigmund
D:5:      due_chaos_kobolds, layout_basic, nemelex_diamond_rough_becter,
          uniq_blork_the_orc, uniq_edmund

Skill      XL: |  1  2  3  4  5  6 |
---------------+-------------------+-----
Fighting       | 4 5 |  5.1
Armour         | 4 5 |  5.1
Shields        | 4 5 |  5.1
Maces & Flails | 3 4 |  4.0

Action                     |  1- 3 |  4- 6 |  7- 9 || total
---------------------------+-------+-------+-------++-------
  Melee: Flail             |   136 |   168 |    22 ||   326
  Throw: Throwing net      |       |       |     1 ||     1
 Armour: Scale mail        |    98 |    29 |       ||   127
         Robe              |       |    78 |     4 ||    82
  Dodge: Dodged            |    69 |   132 |     5 ||   206
  Block: Buckler           |    41 |    60 |       ||   101

Table legend: (Time is in decaauts)
 A = Elapsed time spent in this place.
 B = Non-inter-level travel time spent in this place.
 C = Inter-level travel time spent in this place.
 D = Time resting spent in this place.
 E = Time spent auto-exploring this place.
 F = Levels seen in this place.
 G = Mean time per level.
                   A        B        C        D        E       F      G
               +--------+--------+--------+--------+--------+-----+--------+
         Total |   4145 |   4023 |    122 |    376 |   2798 |   5 |  829.0 |
       Dungeon |   4145 |   4023 |    122 |    376 |   2798 |   5 |  829.0 |
               +--------+--------+--------+--------+--------+-----+--------+

Top non-repeatable levels by time:
     D:2: 1244 daAuts
     D:1: 1189 daAuts
     D:4: 884 daAuts
     D:3: 801 daAuts
     D:5: 25 daAuts
